 Dungeon Crawl Stone Soup version 0.22-a0-480-g991dd4b (webtiles) character file.

85784 topirishpotato the Basher (level 15, -2/144 HPs)
             Began as a Deep Dwarf Fighter on June 15, 2018.
             Was a High Priest of Makhleb.
             Slain by a skeletal warrior
             ... wielding a +0 short sword
             ... led by a skeletal warrior
              (4 damage)
             ... on level 15 of the Dungeon.
             The game lasted 00:53:11 (14176 turns).

topirishpotato the Basher (Deep Dwarf Fighter)     Turns: 14176, Time: 00:53:15

Health: -2/144     AC: 22    Str: 27    XL:     15   Next: 39%
Magic:  2/2        EV: 10    Int: 11    God:    Makhleb [*****.]
Gold:   80         SH:  0    Dex: 12    Spells: 32/32 levels left

rFire    . . .     SeeInvis +   s - +7 lajatang of Order {silver, rMut}
rCold    + . .     Gourm    .   (shield currently unavailable)
rNeg     + . .     Faith    .   a - +4 ring mail "Aseepseci" {rC+}
rPois    +         Spirit   .   X - +3 helmet of Space {Str+3 SInv}
rElec    .         Reflect  .   v - +0 cloak
rCorr    .         Harm     .   P - +0 pair of gloves
rMut     +                      T - +0 pair of boots
MR       ++...                  (no amulet)
Stlth    +.........             b - ring of poison resistance
HPRegen  0.00/turn              I - +2 ring of protection
MPRegen  0.08/turn

@: non-regenerating
A: damage resistance, heal wounds, negative energy resistance 1, sense
surroundings 2, no regeneration
a: Heal Wounds, Minor Destruction, Lesser Servant of Makhleb, Major Destruction,
Greater Servant of Makhleb, Renounce Religion


You were on level 15 of the Dungeon.
You worshipped Makhleb.
Makhleb was extremely pleased with you.
You were not hungry.

You visited 2 branches of the dungeon, and saw 16 of its levels.
You also visited: Bailey.

You collected 894 gold pieces.
You spent 814 gold pieces at shops.

Inventory:

Hand Weapons
 s - the +7 lajatang of Order (weapon) {silver, rMut}
   (You acquired it on level 13 of the Dungeon)

   It protects you from mutation.
Missiles
 g - 22 tomahawks (quivered)
Armour
 a - the +4 ring mail "Aseepseci" (worn) {rC+}
   (You bought it in a shop on level 14 of the Dungeon)

   It protects you from cold.
 v - a +0 cloak (worn)
 M - a +0 plate armour
 P - a +0 pair of gloves (worn)
 T - a +0 pair of boots (worn)
 W - the +0 scale mail "Dourith" {rN+ MR+ Regen+ Dex+3}
   (You bought it in a shop on level 14 of the Dungeon)

   It affects your dexterity (+3).
   It protects you from negative energy.
   It affects your resistance to hostile enchantments.
   It increases your rate of regeneration.
 X - the +3 helmet of Space (worn) {Str+3 SInv}
   (You bought it in a shop on level 14 of the Dungeon)

   It affects your strength (+3).
   It lets you see invisible.
Magical Staves
 Q - an uncursed staff of death
Jewellery
 b - a ring of poison resistance (left hand)
 I - a +2 ring of protection (right hand)
Wands
 c - a wand of enslavement (11)
 l - a wand of polymorph (15)
 t - a wand of flame (40)
 y - a wand of paralysis (17)
 D - a wand of acid (3)
 L - a wand of disintegration (23)
 R - a wand of random effects (42)
Scrolls
 m - 13 scrolls of remove curse
 z - 5 scrolls of blinking
 E - 9 scrolls of teleportation
 F - 2 scrolls of amnesia
 J - 9 scrolls of identify
Potions
 e - 9 potions of degeneration
 h - a potion of curing
 i - 5 potions of brilliance
 k - 5 potions of lignification
 p - 2 potions of heal wounds
 q - a potion of cancellation
 w - 3 potions of mutation
 x - a potion of resistance
 A - a potion of invisibility
 G - a potion of agility
 H - 2 potions of haste
 S - a potion of magic
Miscellaneous
 K - a crystal ball of energy
 V - a phial of floods
Comestibles
 f - 19 rations


   Skills:
 * Level 11.7 Fighting
   Level 2.6 Long Blades
   Level 12.0(12.8) Maces & Flails
 + Level 6.7(9.8) Staves
   Level 1.8 Bows
 + Level 2.4 Throwing
 + Level 10.7 Armour
   Level 11.3 Shields
 + Level 2.7 Unarmed Combat
 * Level 9.3 Spellcasting
 + Level 3.6 Invocations
 + Level 3.3 Evocations


You had 32 spell levels left.
You didn't know any spells.
Your spell library contained the following spells:

 Spells                   Type           Power        Failure   Level  Hunger
 Apportation              Tloc           #.....       19%         1    None
 Bolt of Magma            Conj/Fire/Erth #.........   99%         5    #####..
 Sting                    Conj/Pois      #...         19%         1    None
 Iron Shot                Conj/Erth      #.........   100%        6    #######
 Statue Form              Tmut/Erth      #........    100%        6    #######
 Ignite Poison            Fire/Tmut/Pois #.......     50%         3    ##.....
 Shatter                  Erth           #.........   100%        9    #######
 Dispersal                Tloc           #.........   100%        6    #######
 Passage of Golubria      Tloc           N/A          88%         4    ####...
 Leda's Liquefaction      Hex/Erth       #.........   88%         4    ####...
 Shroud of Golubria       Chrm/Tloc      #.........   28%         2    None
 Lesser Beckoning         Tloc           #.........   50%         3    ##.....


Dungeon Overview and Level Annotations

Branches:
Dungeon (15/15)            Temple (1/1) D:6            Lair (0/6) D:10
    Orc (0/2) D:11         Vaults (0/5) D:14
 Depths: D:15

Altars:
Ashenzari
Cheibriados
Dithmenos
Elyvilon
Fedhas
Gozag
Hepliaklqana
Kikubaaqudgha
Makhleb
Nemelex Xobeh
Okawaru
Qazlal
Ru
Sif Muna
Trog
Uskayaw
Vehumet
Wu Jian
Xom
Yredelemnul
Zin
The Shining One

Shops:
D:14 :[([[


Innate Abilities, Weirdness & Mutations

You are resistant to damage.
You can heal yourself by infusing magical energy.
You resist negative energy. (rN+)
You passively map the area around you.
You do not regenerate.


Message History

The skeletal warrior hits you with a hand axe.
* * * LOW HITPOINT WARNING * * *
The skeletal warrior hits you but does no damage. x2
A demon appears!
The skeletal warrior hits you with a mace!
* * * LOW HITPOINT WARNING * * *
The skeletal warrior hits you but does no damage.
The skeletal warrior hits you with a short sword.
The crimson imp closely misses you.
The skeletal warrior hits you with a short sword.
A demon appears!
It doesn't seem very happy.
The skeletal warrior hits you with a mace!
* * * LOW HITPOINT WARNING * * *
The cyclops hits you!
* * * LOW HITPOINT WARNING * * *
The skeletal warrior completely misses you.
The crimson imp barely misses you.
The skeletal warrior hits you with a short sword.
You die...

*** * *,, , *############
* *, #...[.......* * #.#
, * #...........* #.###+#
#....2...... ...,+_+,
..+.)5C....... , ##.# ###
*.##.2z@z...... * , #..#
### .##..zz....... * *
#..#######.##...........
...........##...........*
.#........#*############*
** ......)...###### *
.#######........ ,
########........ , *
......##........, ,* * ,


You could see a blizzard demon, 4 skeletal warriors, a cyclops, a crimson imp
and a friendly green death.

Vanquished Creatures
  Frances (D:13)
  An orc warlord (Bailey)
  Azrael (D:12)
  An ettin (D:15)
  A hydra (D:13)
  8 vault guards
  2 centaur warriors
  7 two-headed ogres
  3 ogre magi
  3 tengu warriors
  2 unseen horrors
  10 wizards (D:12)
  The ghost of topirishpotato the Covered, a novice DDFi (D:6)
  An orc knight (Bailey)
  4 deep elf magi (D:12)
  An orc sorcerer (D:15)
  3 ugly things (D:14)
  A cyclops (D:14)
  2 manticores
  2 centaur zombies
  3 gargoyles
  4 centaur skeletons
  2 komodo dragons
  2 freezing wraiths (D:15)
  3 kobold demonologists
  2 trolls (D:14)
  A hornet (D:15)
  Prince Ribbit (D:8)
  Grinder (D:3)
  6 hippogriffs
  A centaur simulacrum (D:14)
  23 yaks
  2 shadows
  A water elemental (D:14)
  A vampire (D:10)
  Grum (D:8)
  3 wraiths
  2 wyverns
  2 fire elementals (D:12)
  Menkaure (D:5)
  Edmund (D:4)
  An acid dragon (D:12)
  A water moccasin (D:13)
  5 hell hounds (D:12)
  4 ice beasts
  8 orc warriors
  Purgy (D:3)
  A hornet zombie (D:12)
  A phantom (D:9)
  3 sky beasts (D:8)
  2 black bears (D:10)
  3 wolves (D:8)
  10 centaurs
  10 ogres
  4 crocodiles
  Blork the orc (D:5)
  6 big kobolds
  9 bullfrogs
  A wyvern skeleton (D:13)
  2 scorpions
  4 wights (D:15)
  2 electric eels
  4 howler monkeys
  5 crimson imps
  A quasit (D:13)
  2 jellies (D:13)
  2 hounds
  9 orc priests
  8 orc wizards
  3 gnoll shamans (D:13)
  2 bullfrog skeletons
  Natasha (thrice) (D:2)
  5 iguanas
  9 worker ants
  2 hound zombies
  A worker ant zombie (D:8)
  Robin (D:2)
  11 gnolls
  10 adders
  2 shadow imps
  2 oozes (D:2)
  A worm (D:2)
  2 dart slugs (D:1)
  4 leopard geckos
  57 orcs
  2 giant cockroaches
  9 hobgoblins
  13 jackals
  3 quokkas
  2 ball pythons
  3 bats
  5 frilled lizards
  21 goblins
  35 kobolds
  11 rats
447 creatures vanquished.

Vanquished Creatures (collateral kills)
  A worker ant (D:7)
1 creature vanquished.

Vanquished Creatures (others)
  A two-headed ogre (D:15)
  An unseen horror (D:12)
  A bullfrog (D:12)
  8 fungi
  7 plants
18 creatures vanquished.

Grand Total: 466 creatures vanquished

Notes
Turn   | Place    | Note
-------+----------+-------------------------------------------
     0 | D:1      | topirishpotato the Deep Dwarf Fighter began the quest for the Orb.
     0 | D:1      | Reached XP level 1. HP: 20/20 MP: 1/1
   156 | D:1      | Reached XP level 2. HP: 27/27 MP: 2/2
   609 | D:2      | Noticed Natasha
   624 | D:2      | Killed Natasha
   624 | D:2      | Reached XP level 3. HP: 29/34 MP: 2/2
   684 | D:2      | Noticed Natasha
   706 | D:2      | Killed Natasha
   706 | D:2      | Reached skill level 3 in Maces & Flails
   706 | D:2      | Reached XP level 4. HP: 23/42 MP: 3/3
   911 | D:2      | Found a shattered altar of Ashenzari.
  1064 | D:2      | Reached skill level 1 in Spellcasting
  1106 | D:2      | Noticed Robin
  1129 | D:2      | Reached XP level 5. HP: 31/49 MP: 4/4
  1140 | D:2      | Killed Robin
  1291 | D:2      | Noticed Natasha
  1309 | D:2      | Killed Natasha
  1584 | D:3      | Noticed Purgy
  1600 | D:3      | Killed Purgy
  1600 | D:3      | Reached XP level 6. HP: 55/57 MP: 4/6
  1766 | D:3      | Found a hazy altar of Hepliaklqana.
  1766 | D:3      | Noticed Grinder
  1814 | D:3      | Killed Grinder
  1814 | D:3      | Reached skill level 4 in Maces & Flails
  1978 | D:3      | Reached XP level 7. HP: 52/64 MP: 6/8
  2337 | D:4      | Found an opulent altar of Gozag.
  2390 | D:4      | Reached skill level 5 in Shields
  2443 | D:4      | Reached skill level 5 in Maces & Flails
  2456 | D:4      | Found a white marble altar of Elyvilon.
  2601 | D:4      | Noticed Edmund
  2633 | D:4      | Killed Edmund
  2747 | D:4      | Found a snail-covered altar of Cheibriados.
  2772 | D:4      | Found a shimmering altar of Xom.
  2772 | D:4      | Found a glowing silver altar of Zin.
  2772 | D:4      | Noticed an angel
  3001 | D:4      | Found a basalt altar of Yredelemnul.
  3130 | D:4      | Reached skill level 5 in Armour
  3130 | D:4      | Reached XP level 8. HP: 48/73 MP: 8/8
  3160 | D:4      | Found a sacrificial altar of Ru.
  3314 | D:5      | Entered Level 5 of the Dungeon
  3314 | D:5      | Noticed Blork the orc
  3321 | D:5      | Killed Blork the orc
  3505 | D:5      | Reached skill level 1 in Unarmed Combat
  3600 | D:5      | Reached skill level 6 in Maces & Flails
  3936 | D:5      | Noticed Menkaure
  3961 | D:5      | Killed Menkaure
  4032 | D:5      | Found a stormy altar of Qazlal.
  4129 | D:6      | Found a staircase to the Ecumenical Temple.
  4138 | Temple   | Entered the Ecumenical Temple
  4246 | Temple   | Became a worshipper of Makhleb the Destroyer
  4476 | D:6      | Found an ornate altar of the Wu Jian Council.
  4490 | D:6      | Reached skill level 5 in Fighting
  4545 | D:6      | Noticed topirishpotato's ghost (novice DDFi)
  4579 | D:6      | Killed topirishpotato's ghost
  4579 | D:6      | Gained mutation: You passively map the area around you. [Deep Dwarf growth]
  4579 | D:6      | Reached XP level 9. HP: 55/81 MP: 8/8
  4707 | D:6      | Found a glowing golden altar of the Shining One.
  4919 | D:7      | Identified Idoraa's Catalogue of Virous Dislocation
  4952 | D:7      | Reached skill level 7 in Maces & Flails
  4985 | D:7      | Found a hazy altar of Hepliaklqana.
  5235 | D:7      | Found an iron altar of Okawaru.
  5302 | D:7      | Reached * piety under Makhleb
  5867 | D:8      | Noticed Prince Ribbit
  5915 | D:8      | Killed Prince Ribbit
  5961 | D:8      | Found a glowing golden altar of the Shining One.
  6019 | D:8      | Reached skill level 8 in Maces & Flails
  6023 | D:8      | Found an opulent altar of Gozag.
  6154 | D:8      | Reached ** piety under Makhleb
  6274 | D:8      | Reached XP level 10. HP: 80/92 MP: 8/8
  6498 | D:8      | Noticed Grum
  6534 | D:8      | Killed Grum
  6763 | D:9      | Reached skill level 5 in Spellcasting
  6884 | D:9      | Reached skill level 1 in Invocations
  6971 | D:9      | Reached *** piety under Makhleb
  6990 | D:9      | Reached skill level 9 in Maces & Flails
  7944 | D:10     | Entered Level 10 of the Dungeon
  8037 | D:10     | Reached XP level 11. HP: 87/102 MP: 10/10
  8097 | D:10     | Found a staircase to the Lair.
  8151 | D:10     | Found a flagged portal.
  8164 | Bailey   | Entered a bailey
  8170 | Bailey   | Noticed an orc warlord
  8224 | Bailey   | Reached **** piety under Makhleb
  8286 | Bailey   | Noticed an orc knight
  8306 | Bailey   | Killed an orc knight
  8355 | Bailey   | Found a runed gate.
  8357 | Bailey   | Found a runed gate.
  8359 | Bailey   | Found a runed gate.
  8441 | Bailey   | Killed an orc warlord
  8579 | D:10     | Identified a scroll of acquirement
  8587 | D:10     | Noticed a two-headed ogre
  8618 | D:10     | Killed a two-headed ogre
  8618 | D:10     | Reached skill level 10 in Maces & Flails
  8923 | D:10     | Found a white marble altar of Elyvilon.
  8954 | D:10     | Killed an unseen horror
  9064 | D:10     | Found a radiant altar of Vehumet.
  9430 | D:11     | Reached ***** piety under Makhleb
  9514 | D:11     | Found a staircase to the Orcish Mines.
  9753 | D:11     | Noticed a two-headed ogre
  9772 | D:11     | Killed a two-headed ogre
 10094 | D:12     | Noticed a deep elf mage
 10094 | D:12     | Noticed a wizard
 10094 | D:12     | Noticed a deep elf mage
 10113 | D:12     | Killed a deep elf mage
 10128 | D:12     | Killed a deep elf mage
 10144 | D:12     | Noticed a deep elf mage
 10144 | D:12     | Noticed a wizard
 10183 | D:12     | Killed a wizard
 10189 | D:12     | Killed a deep elf mage
 10189 | D:12     | Reached XP level 12. HP: 62/112 MP: 9/9
 10244 | D:12     | Noticed Azrael
 10359 | D:12     | Killed Azrael
 10359 | D:12     | Reached skill level 10 in Shields
 10375 | D:12     | Reached skill level 1 in Long Blades
 10375 | D:12     | Reached skill level 11 in Maces & Flails
 10375 | D:12     | Reached skill level 1 in Staves
 10375 | D:12     | Reached skill level 1 in Bows
 10375 | D:12     | Reached skill level 1 in Throwing
 10375 | D:12     | Reached XP level 13. HP: 82/122 MP: 0/2
 10377 | D:12     | Gained mutation: You resist negative energy. (rN+) [Deep Dwarf growth]
 10377 | D:12     | Reached XP level 14. HP: 87/130 MP: 0/3
 10447 | D:12     | Reached skill level 10 in Fighting
 11580 | D:13     | Reached skill level 10 in Armour
 11743 | D:13     | Noticed Frances
 11789 | D:13     | Killed Frances
 12348 | D:13     | Reached skill level 12 in Maces & Flails
 12692 | D:13     | Found the +7 lajatang of Order {silver, rMut}
 12705 | D:14     | Found Noetubyth's Armour Shoppe.
 12875 | D:14     | Found Qiurooniq's Antique Weapon Shoppe.
 12929 | D:14     | Found Lyolab's Book Shoppe.
 12930 | D:14     | Found a labyrinth entrance.
 13018 | D:14     | Found a gate to the Vaults.
 13038 | D:14     | Reached ****** piety under Makhleb
 13224 | D:14     | Reached XP level 15. HP: 141/141 MP: 2/2
 13425 | D:14     | Found Keewkod's Antique Armour Shop.
 13446 | D:14     | Bought a bloodstained scale mail for 234 gold pieces
 13446 | D:14     | Bought a smoking helmet for 247 gold pieces
 13456 | D:14     | Identified the +0 scale mail "Dourith" {rN+ MR+ Regen+ Dex+3} (You bought it in a shop on level 14 of the Dungeon)
 13466 | D:14     | Identified the +3 helmet of Space {Str+3 SInv} (You bought it in a shop on level 14 of the Dungeon)
 13491 | D:14     | Found Sudec's Antique Armour Shop.
 13502 | D:14     | Bought a brightly glowing ring mail for 333 gold pieces
 13512 | D:14     | Identified the +4 ring mail "Aseepseci" {rC+} (You bought it in a shop on level 14 of the Dungeon)
 13790 | D:15     | Entered Level 15 of the Dungeon
 13812 | D:15     | Reached skill level 5 in Staves
 13983 | D:15     | Found a glowing golden altar of the Shining One.
 14041 | D:15     | Paralysed by a hornet for 1 turns
 14068 | D:15     | Paralysed by a hornet for 1 turns
 14176 | D:15     | HP: 7/144 [skeletal warrior/mace[a skeletal warrior] (7)]
 14176 | D:15     | HP: 2/144 [cyclops (5)]
 14176 | D:15     | Slain by a skeletal warrior

Vault maps used:
D:1:      dpeg_arrival_oval, st_stairs_7, serial_bayou_crossing
D:2:      evilmike_ruin_ashenzari, uniq_natasha, uniq_robin
D:3:      lemuel_crystal_altar, first_ration, uniq_purgy, uniq_grinder
D:4:      grunt_temple_overflow_order_and_chaos_1, kennysheep_ying_yang,
          grunt_gozag_breadcrumbs, overflow_temple_1_default, marbit_many_paths,
          uniq_edmund
D:5:      nicolae_qazlal_eye_of_the_storm, uniq_blork_the_orc, uniq_menkaure
D:6:      tso_oasis_becter, old_standard_altar, minmay_temple_entry_crystal_x,
          serial_bayou_pond_b
D:7:      okawaru_ov_weapons_minmay, basic_altar
D:8:      basic_altar, special_room, blue_anna_alchemist, tso_metal_star,
          uniq_grum, uniq_prince_ribbit1
D:9:      hangedman_cross_stitches
D:10:     grunt_lair_entry_orc_guard_hut, basic_altar, enter_bailey_3,
          elyvilon_altar_1
D:11:     orc_0_dummy, minmay_misc_feat_more_columns
D:12:     minmay_tri_stars, uniq_azrael
D:13:     kennysheep_seaside_town, serial_glass, glass_columns_b,
          glass_columns_c, glass_columns_a, glass_columns_b, glass_columns_b,
          glass_columns_a, uniq_frances
D:14:     erik_vaults_2, serial_shops, shop, shop, nicolae_shop_waterfront,
          shop, nicolae_shop_waterfront, minmay_misc_feat_rugged,
          lab_entry_generic
D:15:     hangedman_depths_entry_civil_slaughter, lemuel_doored_altar
Temple:   nicolae_temple_figure_zero
Bailey:   bailey_axe_bossmonster_kennysheep, bailey

Skill      XL: |  1  2  3  4  5  6  7  8  9 10 11 12 13 14 15 |
---------------+----------------------------------------------+-----
Fighting       | 3 4 5 6 7 8 9 11 | 11.7
Maces & Flails | 3 4 5 6 8 9 10 11 12 | 12.0
Shields        | 4 5 7 8 9 10 11 | 11.3
Spellcasting   | 1 2 3 4 5 6 7 8 9 |  9.3
Armour         | 4 5 6 7 8 9 10 | 10.7
Unarmed Combat | 1 2 |  2.7
Invocations    | 1 2 3 |  3.6
Long Blades    | 1 2 |  2.6
Staves         | 1 2 4 6 |  6.7
Bows           | 1 |  1.8
Throwing       | 1 2 |  2.4
Evocations     | 2 3 |  3.3

Action                   |  1- 3 |  4- 6 |  7- 9 | 10-12 | 13-15 || total
-------------------------+-------+-------+-------+-------+-------++-------
Melee: Flail             |    95 |   186 |   484 |   775 |   417 ||  1957
       Unarmed           |       |       |    18 |       |       ||    18
       Lajatang          |       |       |       |       |   375 ||   375
Throw: Tomahawk          |       |       |       |     9 |       ||     9
Invok: Minor Destruction |       |       |       |     4 |       ||     4
       Greater Servant o |       |       |       |       |     2 ||     2
 Abil: Heal Wounds       |     3 |     4 |    25 |    42 |    28 ||   102
  Use: Scroll            |       |       |    18 |    11 |     6 ||    35
       Potion            |       |       |       |     4 |    12 ||    16
 Stab: Invisible         |       |       |       |       |     3 ||     3
       Sleeping          |       |       |       |       |     1 ||     1
  Eat: Chunk             |       |     2 |     6 |     4 |     2 ||    14
       Ration            |       |     1 |     2 |     4 |     3 ||    10
Armor: Scale mail        |    31 |    91 |   186 |   153 |       ||   461
       Skin              |       |       |     2 |       |       ||     2
       Plate armour      |       |       |       |   168 |   390 ||   558
       Ring mail         |       |       |       |       |   217 ||   217
Dodge: Dodged            |    29 |    51 |   128 |   156 |   345 ||   709
Block: Shield            |    57 |   106 |   298 |   548 |   349 ||  1358

Table legend:
 A = Spawn XP
 B = Non-spawn XP
 C = Spawn XP percentage of total XP
 D = Spawn monster count
 E = Non-spawn monster count
 F = Spawn count percentage of total count
 G = Total turns spent on level
                    A         B        C        D         E        F      G
               +---------+---------+-------+---------+---------+-------+---------
         Total |       0 |   74141 |   0.0 |       0 |     449 |   0.0 | 14176
               +---------+---------+-------+---------+---------+-------+---------
           D:1 |       0 |      33 |   0.0 |       0 |      18 |   0.0 |   607
           D:2 |       0 |     239 |   0.0 |       0 |      35 |   0.0 |   977
           D:3 |       0 |     484 |   0.0 |       0 |      17 |   0.0 |   742
           D:4 |       0 |     808 |   0.0 |       0 |      14 |   0.0 |   988
           D:5 |       0 |     387 |   0.0 |       0 |      12 |   0.0 |   765
           D:6 |       0 |    1002 |   0.0 |       0 |       9 |   0.0 |   694
           D:7 |       0 |    1192 |   0.0 |       0 |      27 |   0.0 |   741
           D:8 |       0 |    2216 |   0.0 |       0 |      45 |   0.0 |  1121
           D:9 |       0 |    3182 |   0.0 |       0 |      28 |   0.0 |  1190
          D:10 |       0 |    4974 |   0.0 |       0 |      40 |   0.0 |   864
          D:11 |       0 |    2400 |   0.0 |       0 |      18 |   0.0 |   770
          D:12 |       0 |   16217 |   0.0 |       0 |      53 |   0.0 |  1438
          D:13 |       0 |    7622 |   0.0 |       0 |      45 |   0.0 |  1301
          D:14 |       0 |   14379 |   0.0 |       0 |      29 |   0.0 |  1085
          D:15 |       0 |   16484 |   0.0 |       0 |      33 |   0.0 |   386
        Bailey |       0 |    2522 |   0.0 |       0 |      26 |   0.0 |   388
               +---------+---------+-------+---------+---------+-------+---------
